 Dungeon Crawl Stone Soup version 0.30-a0-1160-g6e42c06551 (webtiles) character file.

Game seed: 2875480870353802110

727 Bnni the Sneak (level 7, 0/44 HPs)
             Began as a Gargoyle Brigand on Apr 22, 2023.
             Killed from afar by an orc wizard (8 damage)
             ... with a puff of flame
             ... on level 3 of the Dungeon on Apr 25, 2023.
             The game lasted 00:12:07 (4051 turns).

Bnni the Sneak (Gargoyle Brigand)                   Turns: 4051, Time: 00:12:08

Health: 0/44       AC: 16    Str: 15    XL:     7   Next: 72%
Magic:  7/7        EV:  4    Int: 11    God:
Gold:   139        SH:  0    Dex: 19    Spells: 6/6 levels left

rFire   . . .        a - +2 dagger
rCold   . . .        (no shield)
rNeg    + . .        h - +0 plate armour
rPois   ∞            (no helmet)
rElec   +            p - +1 cloak
rCorr   .            (no gloves)
SInv    .            (no boots)
Will    .....        (no amulet) Stlth
                     j - +6 ring of dexterity
HPRegen 0.27/turn    (no ring)
MPRegen 0.10/turn

%: no passive effects
@: no status effects
A: sickness immunity, AC +4, negative energy resistance 1, electricity
resistance, torment resistance 1, petrification resistance
a: no special abilities


You were on level 3 of the Dungeon.
You visited 1 branch of the dungeon, and saw 4 of its levels.
You also visited: Sewer.

You collected 139 gold pieces.

Inventory:

Hand Weapons
 a - a +2 dagger (weapon)
Missiles
 d - 36 poisoned darts (quivered)
 e - 2 curare-tipped darts
Armour
 b - a +0 robe
 h - a +0 plate armour (worn)
 p - a +1 cloak (worn)
Jewellery
 j - a +6 ring of dexterity (left hand)
Wands
 v - a wand of flame (30)
Scrolls
 f - 2 scrolls of identify {unknown}
 g - 2 scrolls of enchant weapon {unknown}
 k - a scroll of enchant armour {unknown}
 m - 2 scrolls of blinking {unknown}
 o - a scroll of teleportation {unknown}
 t - a scroll of fear {unknown}
Potions
 c - 2 potions of berserk rage {unknown}
 i - a potion of attraction {unknown}
 l - 2 potions of degeneration {unknown}
 n - a potion of mutation {unknown}
 q - 2 potions of flight {unknown}
 r - 2 potions of curing {unknown}
 s - a potion of cancellation {unknown}
 u - a potion of haste {unknown}


   Skills:
 + Level 4.5 Fighting
 * Level 5.0 Short Blades
 - Level 1.7 Throwing
 - Level 0.7 Dodging
 * Level 7.6 Stealth


You had 6 spell levels left.
You didn't know any spells.
Your spell library contained the following spells:

 Spells                   Type           Power      Damage    Failure   Level
 Slow                     Hex            0%         N/A       100%        1
 Summon Small Mammal      Summ           0%         N/A       100%        1
 Call Canine Familiar     Summ           0%         N/A       100%        3
 Confusing Touch          Hex            0%         N/A       100%        3
 Summon Guardian Golem    Hex/Summ       0%         N/A       100%        3
 Vampiric Draining        Necr           0%         2d6       100%        3
 Volatile Blastmotes      Fire/Tloc      0%         2d10      100%        3
 Fulminant Prism          Conj/Hex       0%         3d5       100%        4
 Iskenderun's Mystic Bla  Conj/Tloc      0%         2d3       100%        4
 Lee's Rapid Deconstruct  Erth           0%         3d4*      100%        5


Dungeon Overview and Level Annotations

Branches:
Dungeon (4/15)              Sewer (visited)
 Temple: D:4-7

Altars:
Kikubaaqudgha

Shops:
D:3 *


Innate Abilities, Weirdness & Mutations

You are immune to sickness and miasma.
Your stone body is resilient. (AC +4)
You are immune to poison.
You resist negative energy. (rN+)
You are resistant to electric shocks. (rElec)
You are resistant to unholy torment.
You are immune to petrification.


Message History

You closely miss something. You barely miss something.
You hear some strange, mumbled words.
A magic dart appears from out of thin air!
The magic dart hits you.
* * * LOW HITPOINT WARNING * * *
You hit something but do no damage. Something hits you but does no damage.
Throw: 3 darts (curare)
Press: ? - help, Shift-Dir - straight line You throw a curare-tipped dart.
Something hits you but does no damage.
Unknown command.
You miss something. Something hits you but does no damage.
You hit something. You miss something. Something hits you but does no damage.
You hit something but do no damage.
You hear some strange, mumbled words.
A magic dart appears from out of thin air!
The magic dart hits you but does no damage.
You closely miss something. Something hits you but does no damage.
You barely miss something. You closely miss something.
You hear some strange, mumbled words.
A magic dart appears from out of thin air!
The magic dart hits you but does no damage.
You hit something but do no damage. Something hits you but does no damage.
You barely miss something.
You hear some strange, mumbled words.
You are confused.
Something hits you.
* * * LOW HITPOINT WARNING * * *
You bump into the rock wall.
Something hits you but does no damage.
You miss something. You hit something. Something hits you but does no damage.
You barely miss something.
You feel less confused.
You hear some strange, mumbled words.
A puff of flame appears from out of thin air!
The puff of flame hits you!
You die...

##.#..#'#.....(..........#
#....#∩##.###..########.#
#....####.# #..# #.#
#.###...#.###..##### #.#
#.# #..............# #.#
#.###.......#..###.# #.#
#.....####..#).###.# #.#
##.###.## #.........####.#
#.## ##.####.#.{@........#
..## #.......(####.#######
...####.####.### #.......#
....##.## #.# #.#####.#
......######.# #....##.#
.............#########.##.#
......####.......# #.##.#
..##.## #.......# #.##.#
..##.# #.......#####.##.#


There were no monsters in sight!

Vanquished Creatures
  6 kobold brigands (Sewer)
  Crazy Yiuf (D:2)
  Natasha (thrice) (D:3)
  An orc wizard (D:4)
  9 adders
  2 river rats
  3 worms
  An orc (D:3)
  2 bats (D:1)
  8 endoplasms
  2 giant cockroaches
  4 goblins
  5 hobgoblins
  2 jackals (D:1)
  10 kobolds
  A quokka (D:2)
  12 ball pythons
  4 frilled lizards (D:2)
  10 rats
86 creatures vanquished.

Notes
Turn   | Place    | Note
-------+----------+-------------------------------------------
     0 | D:1      | Bnni the Gargoyle Brigand began the quest for the Orb.
     0 | D:1      | Reached XP level 1. HP: 12/12 MP: 1/1
   130 | D:1      | Found a faded altar of an unknown god.
   152 | D:1      | Reached XP level 2. HP: 18/18 MP: 2/2
   586 | D:2      | Reached XP level 3. HP: 22/22 MP: 3/3
   600 | D:2      | Reached skill level 5 in Stealth
   724 | D:2      | Found a runed translucent door.
   725 | D:2      | Noticed Crazy Yiuf
   748 | D:2      | Found an ancient bone altar of Kikubaaqudgha.
   765 | D:2      | Reached XP level 4. HP: 22/27 MP: 4/4
  1256 | D:2      | Upgraded the game from 0.30-a0-1122-g620db56ad9 to
                  | 0.30-a0-1160-g6e42c06551
  1539 | D:2      | Killed Crazy Yiuf
  1723 | D:3      | Reached XP level 5. HP: 32/32 MP: 5/5
  1730 | D:3      | Found Eheor's General Store.
  1777 | D:3      | Noticed Natasha
  1791 | D:3      | Killed Natasha
  1946 | D:3      | Found a glowing drain.
  1959 | Sewer    | Entered a sewer
  2067 | Sewer    | Noticed a kobold brigand
  2102 | Sewer    | Killed a kobold brigand
  2103 | Sewer    | Reached skill level 6 in Stealth
  2222 | Sewer    | Reached XP level 6. HP: 34/37 MP: 6/6
  2996 | Sewer    | Reached skill level 7 in Stealth
  2996 | Sewer    | Reached XP level 7. HP: 29/43 MP: 7/7
  3421 | D:3      | Noticed Natasha
  3441 | D:3      | Killed Natasha
  3532 | D:3      | Noticed Natasha
  3543 | D:3      | Killed Natasha
  3544 | D:3      | Reached skill level 5 in Short Blades
  4051 | D:3      | Killed from afar by an orc wizard

Illustrated notes

Levels and vault maps discovered:
D:1:      lemuel_arrival_broad_hall, layout_basic,
          ebering_ecumenical_altar_sacrificial, kennysheep_pointless_box
D:2:      layout_rooms, basic_altar, minmay_fractal_squares_gapless_5,
          uniq_crazy_yiuf_cottage
D:3:      layout_loops_ring, portal_sewer_entry_b, serial_shops,
          nicolae_shop_window_shopping, uniq_natasha
D:4:      layout_basic, overflow_temple_1_default, serial_glass,
          glass_columns_a, glass_columns_b

Skill      XL: |  1  2  3  4  5  6  7 |
---------------+----------------------+-----
Short Blades   | 2 3 4 5 |  5.0
Stealth        | 5 6 7 |  7.6
Fighting       | 3 4 |  4.5
Throwing       | |  1.7
Dodging        | |  0.7

Action                     |  1- 3 |  4- 6 |  7- 9 || total
---------------------------+-------+-------+-------++-------
  Melee: Dagger            |   105 |   470 |   176 ||   751
         Punch             |       |     3 |     1 ||     4
  Throw: Dart              |       |     2 |     3 ||     5
   Stab: Sleeping          |     2 |       |       ||     2
 Armour: Robe              |    11 |       |       ||    11
         Plate armour      |    51 |   301 |   101 ||   453
  Dodge: Dodged            |    28 |    81 |    18 ||   127

Table legend: (Time is in decaauts)
 A = Elapsed time spent in this place.
 B = Non-inter-level travel time spent in this place.
 C = Inter-level travel time spent in this place.
 D = Time resting spent in this place.
 E = Time spent auto-exploring this place.
 F = Levels seen in this place.
 G = Mean time per level.
                   A        B        C        D        E       F      G
               +--------+--------+--------+--------+--------+-----+--------+
         Total |   4084 |   4016 |     68 |    417 |   2424 |   5 |  816.8 |
       Dungeon |   2645 |   2577 |     68 |    290 |   1633 |   4 |  661.2 |
         Sewer |   1439 |   1439 |      0 |    127 |    791 |   1 | 1439.0 |
               +--------+--------+--------+--------+--------+-----+--------+

Top non-repeatable levels by time:
   Sewer: 1439 daAuts
     D:2: 1011 daAuts
     D:3: 973 daAuts
     D:1: 572 daAuts
     D:4: 88 daAuts
